 Dungeon Crawl Stone Soup version 0.29-a0-1042-g87b1fcd763 (webtiles) character file.

Game seed: 2995051800986414075

14420 Turgor the Cleaver (level 11, -1/90 HPs)
             Began as a Demonspawn Gladiator on Aug 15, 2022.
             Was the Champion of Cheibriados.
             Slain by a freezing wraith (18 damage)
             ... in an ice cave.
             The game lasted 01:13:41 (12454 turns).

Turgor the Cleaver (Demonspawn Gladiator)          Turns: 12454, Time: 01:13:42

Health: -1/90      AC: 17    Str: 29    XL:     11   Next: 88%
Magic:  8/16       EV: 15    Int: 28    God:    Cheibriados [******]
Gold:   410        SH:  0    Dex: 31    Spells: 4/10 levels left

rFire   . . .      SeeInvis .   a - +0 war axe
rCold   . . .      Faith    .   (no shield)
rNeg    . . .      Spirit   .   Q - +0 steam dragon scales
rPois   .          Reflect  .   x - +2 helmet
rElec   .          Harm     .   L - +2 cloak
rCorr   .          Rampage  .   (no gloves)
Will    .....                   n - +0 pair of boots
Stlth   ++........              (no amulet)
HPRegen 0.25/turn               k - ring of wizardry
MPRegen 0.15/turn               H - ring of wizardry

@: slowed, very slow
A: icy blue scales 2, demonic guardian 1, ignite blood 1, demonic touch 2
a: Renounce Religion, Bend Time, Temporal Distortion, Slouch, Step From Time


You were in an ice cave.
You worshipped Cheibriados.
Cheibriados was exalted by your worship.
You visited 1 branch of the dungeon, and saw 11 of its levels.
You also visited: Ice Cave.

You collected 491 gold pieces.
You spent 81 gold pieces at shops.

Inventory:

Hand Weapons
 a - a +0 war axe (weapon)
 c - a +2 whip of venom
 w - a +4 whip of draining
 G - a +3 hand axe of freezing
 R - a +0 shortbow
Missiles
 b - 4 poisoned darts (quivered)
 e - a javelin
Armour
 n - a +0 pair of boots (worn)
 x - a +2 helmet (worn)
 A - +0 shadow dragon scales
 L - a +2 cloak (worn)
 Q - +0 steam dragon scales (worn)
 T - a +2 ring mail of poison resistance
Magical Staves
 B - a staff of death
 F - a staff of earth
Jewellery
 k - a ring of wizardry (left hand)
 s - a ring of flight
 E - an amulet of faith
 H - a ring of wizardry (right hand)
 N - a ring of magical power
 P - the ring "Neez" {*Corrode rPois Str-5 Dex+6 Slay+4}
   (You found it on level 7 of the Dungeon)

   [ring of dexterity]

   Str:       It affects your strength (-5).
   Dex:       It affects your dexterity (+6).
   Slay:      It affects your accuracy & damage with ranged weapons and melee
   (+4).
   rPois:     It protects you from poison.
   *Corrode:  It may corrode you when you take damage.
Wands
 d - a wand of polymorph (7)
 m - a wand of roots (4)
 y - a wand of digging (5)
Scrolls
 g - 4 scrolls of fear
 i - 4 scrolls of enchant weapon {unknown}
 j - 2 scrolls of enchant armour {unknown}
 l - a scroll of immolation {unknown}
 o - a scroll of noise {unknown}
 p - 5 scrolls of teleportation
 q - 2 scrolls of magic mapping {unknown}
 t - a scroll of poison {unknown}
 z - 2 scrolls of silence {unknown}
 D - a scroll of butterflies {unknown}
 I - 3 scrolls of amnesia {unknown}
 K - a scroll of brand weapon {unknown}
 O - 3 scrolls of summoning {unknown}
Potions
 f - a potion of brilliance
 h - a potion of heal wounds
 r - a potion of magic
 u - 3 potions of attraction
 v - a potion of mutation
 C - 2 potions of curing
 J - 2 potions of flight
 M - a potion of might
Miscellaneous
 U - a box of beasts (inert)


   Skills:
 + Level 9.9 Fighting
 * Level 12.8 Axes
 - Level 3.0 Throwing
 + Level 7.0 Armour
 - Level 3.0 Dodging
 - Level 7.0 Invocations


You had 4 spell levels left.
You knew the following spells:

 Your Spells              Type           Power      Damage    Failure   Level
a - Mephitic Cloud        Conj/Pois/Air  0%         N/A       9%          3
b - Ignite Poison         Fire/Tmut/Pois 0%         N/A       9%          3

Your spell library contained the following spells:

 Spells                   Type           Power      Damage    Failure   Level
 Magic Dart               Conj           0%         1d3       3%          1
 Call Imp                 Summ           0%         N/A       4%          2
 Static Discharge         Conj/Air       0%         3-3/arc   4%          2
 Ozocubu's Armour         Ice            0%         N/A       9%          3
 Stone Arrow              Conj/Erth      0%         3d7       9%          3
 Animate Armour           Summ/Erth      0%         N/A       28%         4
 Dispel Undead            Necr           0%         3d6       28%         4
 Sticky Flame             Conj/Fire      0%         2d3       28%         4
 Freezing Cloud           Conj/Ice/Air   0%         6-21      58%         5
 Metabolic Englaciation   Hex/Ice        0%         N/A       58%         5
 Simulacrum               Ice/Necr       0%         N/A       98%         6
 Lehudib's Crystal Spear  Conj/Erth      0%         10d2      100%        8


Dungeon Overview and Level Annotations

Branches:
Dungeon (11/15)            Temple (0/1) D:7            Lair (0/5) D:10
    Orc (0/2) D:10          IceCv (1/1)

Altars:
Ashenzari
Cheibriados
Dithmenos
Gozag
Hepliaklqana
Kikubaaqudgha
Makhleb
Qazlal
Ru
Sif Muna
Trog
Uskayaw
Xom

Shops:
D:3 *   D:6 (

Annotations:
D:3 3 runed translucent doors, Klosterheim's ghost, novice HuHu; QuickerDeath's ghost, weakling MfMo; skk's ghost, amateur TeFi
D:9 exclusion: ice statue, Erolcha


Innate Abilities, Weirdness & Mutations

You are mostly covered in icy blue scales. (AC +3)
A weak demonic guardian rushes to your aid.
Your demonic aura sometimes causes spilled blood to erupt in flames.
Your touch may inflict irresistible damage on your foes.


Message History

The polar bear simulacrum closely misses you.
The polar bear simulacrum barely misses you.
The polar bear simulacrum claws you but does no damage.
The freezing wraith closely misses you.
The freezing wraith hits you but does no damage.
You hit the freezing wraith. Your touch misses the freezing wraith.
The freezing wraith is heavily damaged.
You hit the polar bear simulacrum.
A death yak simulacrum comes into view.
The polar bear simulacrum bites you but does no damage.
The polar bear simulacrum claws you but does no damage. x2
The freezing wraith barely misses you. The freezing wraith hits you!
You hit the freezing wraith but do no damage.
You touch the freezing wraith.
The freezing wraith is severely damaged.
You hit the polar bear simulacrum but do no damage.
The polar bear simulacrum closely misses you.
The polar bear simulacrum barely misses you.
The polar bear simulacrum claws you but does no damage.
The freezing wraith hits you. The freezing wraith freezes you!!
* * * LOW HITPOINT WARNING * * *
The freezing wraith hits you but does no damage.
You hit the freezing wraith but do no damage.
The freezing wraith is severely damaged.
You slash the polar bear simulacrum!
The polar bear simulacrum vaporises!
Cheibriados appreciates the change of pace.
The freezing wraith barely misses you. x2
The freezing wraith hits you but does no damage.
The freezing wraith barely misses you.
You slash the freezing wraith!
The freezing wraith is almost destroyed.
The freezing wraith hits you but does no damage.
The freezing wraith closely misses you.
You closely miss the freezing wraith.
The freezing wraith is almost destroyed.
The freezing wraith hits you!
* * * LOW HITPOINT WARNING * * *
A demonic guardian appears!
The freezing wraith freezes you!!
You die...

..... ...
... ...
##Z##
##...##
##..W○.##
#..5@...#
#.......#
#.......#
#...∩...#
#.......#
#########


You could see a freezing wraith (ally target), a death yak simulacrum and a
friendly ufetubus (summoned).

Vanquished Creatures
  A hydra (D:9)
  A two-headed ogre (D:10)
  A cyclops (D:9)
  2 kobold demonologists (D:10)
  An efreet (D:9)
  5 komodo dragons (D:10)
  3 hornets
  Grinder (D:6)
  Sigmund (D:6)
  A spriggan (shapeshifter) (D:9)
  A shadow (D:10)
  5 wyverns
  9 yaks
  2 wraiths (D:10)
  2 basilisks (D:10)
  A steam dragon (D:7)
  3 vampire mosquitoes (D:10)
  Grum (D:9)
  An acid dragon (D:10)
  6 water moccasins
  2 ice beasts
  3 orc warriors
  8 black bears
  An ogre (D:6)
  3 wolves
  2 centaurs
  3 phantoms
  3 kobold brigands (D:9)
  2 bullfrogs (D:8)
  A necrophage (D:6)
  2 cane toad simulacra (IceCv)
  A gnoll sergeant (D:6)
  7 scorpions
  7 wights
  8 killer bees
  11 howler monkeys
  8 hounds
  3 jellies
  5 orc priests
  11 iguanas
  9 orc wizards
  3 polar bear simulacra (IceCv)
  A wolf simulacrum (IceCv)
  8 ogre zombies (D:10)
  A mummy (D:4)
  Robin (D:3)
  3 gnolls (D:6)
  4 adders
  4 white imps
  An ufetubus (D:4)
  4 worms
  A dart slug (D:1)
  18 orcs
  8 endoplasms
  A giant cockroach (D:3)
  19 goblins
  14 hobgoblins
  6 jackals
  4 quokkas
  7 ball pythons
  3 bats
  12 frilled lizards
  A goblin skeleton (D:10)
  4 goblin zombies (D:10)
  A hobgoblin skeleton (D:10)
  A hobgoblin zombie (D:10)
  20 kobolds
  An orc skeleton (D:10)
  15 orc zombies (D:10)
  4 rats
318 creatures vanquished.

Vanquished Creatures (collateral kills)
  A scorpion (D:7)
  A shadow imp (D:7)
  3 frilled lizards (D:10)
  An orc zombie (D:10)
6 creatures vanquished.

Vanquished Creatures (others)
  6 fungi (D:10)
  29 plants
35 creatures vanquished.

Grand Total: 359 creatures vanquished

Notes
Turn   | Place    | Note
-------+----------+-------------------------------------------
     0 | D:1      | Turgor the Demonspawn Gladiator began the quest for the
                  | Orb.
     0 | D:1      | Reached XP level 1. HP: 16/16 MP: 1/1
   305 | D:1      | Gained mutation: You are partially covered in icy blue
                  | scales. (AC +2) [demonic ancestry]
   305 | D:1      | Reached XP level 2. HP: 7/22 MP: 2/2
   731 | D:1      | Found a faded altar of an unknown god.
   742 | D:1      | Reached skill level 3 in Axes
   958 | D:1      | Gained mutation: Your touch may inflict minor irresistible
                  | damage on your foes. [demonic ancestry]
   958 | D:1      | Reached XP level 3. HP: 20/27 MP: 3/3
  1770 | D:2      | Identified the +1 leather armour of the Forest {Rampage rN+
                  | Regen+ Dex+4}
  1819 | D:2      | Reached skill level 1 in Armour
  2044 | D:2      | Reached XP level 4. HP: 34/34 MP: 4/4
  2307 | D:3      | Found a runed translucent gate.
  2307 | D:3      | Found a runed translucent gate.
  2307 | D:3      | Found a runed translucent gate.
  2314 | D:3      | Noticed skk's ghost (amateur TeFi)
  2314 | D:3      | Noticed QuickerDeath's ghost (weakling MfMo)
  2314 | D:3      | Noticed Klosterheim's ghost (novice HuHu)
  2367 | D:3      | Found Itav's Assorted Antiques.
  2373 | D:3      | Bought a scroll labelled JEM EVVUNOSI for 27 gold pieces
  2373 | D:3      | Bought a scroll labelled YSHRIC ASUYNG for 27 gold pieces
  2373 | D:3      | Bought a scroll labelled JEM EVVUNOSI for 27 gold pieces
  2469 | D:3      | Found a faded altar of an unknown god.
  2500 | D:3      | Found a stormy altar of Qazlal.
  2599 | D:3      | Noticed Robin
  2710 | D:3      | Killed Robin
  3048 | D:4      | Found a shimmering blue altar of Sif Muna.
  3159 | D:4      | Reached XP level 5. HP: 40/40 MP: 5/5
  3295 | D:4      | Reached skill level 4 in Axes
  3316 | D:4      | Found a snail-covered altar of Cheibriados.
  3324 | D:4      | Became a worshipper of Cheibriados the Contemplative
  3830 | D:4      | Gained mutation: A weak demonic guardian rushes to your
                  | aid. [demonic ancestry]
  3830 | D:4      | Reached XP level 6. HP: 47/47 MP: 6/6
  4131 | D:4      | Found a hide-covered altar of Uskayaw.
  4335 | D:4      | Found an opulent altar of Gozag.
  4336 | D:4      | Found a shadowy altar of Dithmenos.
  4339 | D:4      | Found a bloodstained altar of Trog.
  4525 | D:5      | Entered Level 5 of the Dungeon
  4535 | D:5      | Reached skill level 5 in Axes
  4559 | D:5      | Gained mutation: Your touch may inflict irresistible damage
                  | on your foes. [demonic ancestry]
  4559 | D:5      | Reached XP level 7. HP: 52/53 MP: 7/7
  4844 | D:5      | Reached * piety under Cheibriados
  5075 | D:5      | Reached skill level 6 in Axes
  5428 | D:6      | Gained mutation: You are mostly covered in icy blue scales.
                  | (AC +3) [demonic ancestry]
  5428 | D:6      | Reached XP level 8. HP: 54/61 MP: 8/8
  5474 | D:6      | Reached skill level 5 in Fighting
  5550 | D:6      | Noticed Grinder
  5562 | D:6      | Paralysed by Grinder for 3 turns
  5563 | D:6      | Reached skill level 7 in Axes
  5573 | D:6      | Killed Grinder
  5742 | D:6      | Found Deusmargh's Antique Weapon Emporium.
  6085 | D:6      | Reached ** piety under Cheibriados
  6142 | D:6      | Noticed Sigmund
  6149 | D:6      | Killed Sigmund
  6150 | D:6      | Reached skill level 8 in Axes
  6158 | D:6      | Reached XP level 9. HP: 69/69 MP: 9/9
  6317 | D:6      | Reached skill level 5 in Armour
  6541 | D:6      | Learned a level 3 spell: Mephitic Cloud
  7128 | D:7      | Reached *** piety under Cheibriados
  7175 | D:7      | Found a staircase to the Ecumenical Temple.
  7201 | D:7      | Reached skill level 9 in Axes
  7572 | D:7      | Identified the ring "Neez" {*Corrode rPois Str-5 Dex+6
                  | Slay+4}
  8135 | D:8      | Reached XP level 10. HP: 39/79 MP: 10/10
  8686 | D:8      | Found an ancient bone altar of Kikubaaqudgha.
  8801 | D:8      | Reached skill level 10 in Axes
  8956 | D:8      | Reached **** piety under Cheibriados
  9330 | D:9      | Noticed Erolcha
  9494 | D:9      | Noticed a five-headed hydra
  9505 | D:9      | Killed a five-headed hydra
  9524 | D:9      | Noticed an ice statue
  9677 | D:9      | Noticed a cyclops
  9683 | D:9      | Learned a level 3 spell: Ignite Poison
  9700 | D:9      | Killed a cyclops
  9701 | D:9      | Reached skill level 1 in Invocations
  9715 | D:9      | Reached skill level 11 in Axes
  9778 | D:9      | Reached ***** piety under Cheibriados
 10071 | D:9      | Found a broken altar of Ashenzari.
 10119 | D:9      | Noticed Grum
 10127 | D:9      | Killed Grum
 10132 | D:9      | Noticed a deep elf pyromancer
 10299 | D:9      | Found a snail-covered altar of Cheibriados.
 10300 | D:9      | Found a sacrificial altar of Ru.
 10300 | D:9      | Found a shimmering altar of Xom.
 10300 | D:9      | Found a burning altar of Makhleb.
 10303 | D:9      | Noticed a death knight
 10436 | D:10     | Entered Level 10 of the Dungeon
 10453 | D:10     | Gained mutation: Your demonic aura sometimes causes spilled
                  | blood to erupt in flames. [demonic ancestry]
 10453 | D:10     | Reached XP level 11. HP: 87/87 MP: 13/13
 10837 | D:10     | Found a hazy altar of Hepliaklqana.
 10856 | D:10     | Noticed a two-headed ogre
 10863 | D:10     | Killed a two-headed ogre
 10895 | D:10     | Reached skill level 5 in Invocations
 11081 | D:10     | Reached skill level 12 in Axes
 11101 | D:10     | Found a staircase to the Orcish Mines.
 11537 | D:10     | Found a staircase to the Lair.
 11574 | D:10     | Reached ****** piety under Cheibriados
 12417 | D:11     | Noticed a two-headed ogre
 12419 | D:11     | Found a frozen archway.
 12428 | IceCv    | Entered an ice cave
 12454 | IceCv    | Slain by a freezing wraith

Illustrated notes

Levels and vault maps discovered:
D:1:      mrwooster_arrival_arrow, layout_loops_ring,
          ebering_ecumenical_altar_sacrificial, wad_woods_river_04
D:2:      layout_loops_ring, nicolae_elevator_lobby_plus
D:3:      layout_basic, nicolae_overflow_ecumenical_swirl,
          gammafunk_ghost_cemetery, serial_shops, shop, uniq_robin
D:4:      layout_basic, mainiacjoe_overflow_alcove_4, kennysheep_little_box,
          minitemple, slow_altar_2, minmay_misc_feat_ornament,
          kennysheep_opposing_triangles
D:5:      layout_basic, grunt_decor_fettered
D:6:      layout_loops_corners, serial_shops, shop,
          chequers_serial_rivers_micro_d,
          nicolae_concentric_dashed_squares_mild, uniq_sigmund, uniq_grinder
D:7:      layout_loops_ring, temple_doors_e
D:8:      layout_loops_corners, nicolae_overflow_hidden_temple
D:9:      minmay_the_grid_octo_tiled_octocenter [minmay_the_grid_octo_shrine,
          minmay_the_grid_octo_odd_swirl, minmay_the_grid_octo_fan_narrow,
          minmay_the_grid_octo_empty, minmay_the_grid_octo_prize_single_spiral,
          minmay_the_grid_square_5x5_misaligned,
          minmay_the_grid_square_5x5_percent,
          minmay_the_grid_square_5x5_two_walls_a,
          minmay_the_grid_square_5x5_checkered], layout_small_grid,
          nicolae_ashenzari_skybound, minivault_16, uniq_grum, uniq_erolcha
D:10:     lemuel_reptile_caves, layout_cave_pools, mainiacjoe_overflow_brackets,
          minmay_lair_entry_grove, zombieorc2_lemuel, serial_column_ruins,
          column_ruins_open_small, column_ruins_open_medium,
          column_ruins_open_tiny, column_ruins_corridor_straight,
          column_ruins_columns_T, fungi_pond_lemuel
D:11:     layout_basic, serial_shops, kennysheep_mini_moat,
          portal_ice_cave_entry_pillars_1
IceCv:    ice_cave_statue_garden_chambered

Skill      XL: |  1  2  3  4  5  6  7  8  9 10 11 |
---------------+----------------------------------+-----
Throwing       | 2 3 |  3.0
Axes           | 3 4 5 6 8 9 11 12 | 12.8
Armour         | 1 2 3 4 6 7 |  7.0
Dodging        | 3 |  3.0
Fighting       | 3 4 6 7 8 9 |  9.9
Invocations    | 3 7 |  7.0

Action                   |  1- 3 |  4- 6 |  7- 9 | 10-12 || total
-------------------------+-------+-------+-------+-------++-------
Melee: War axe           |   159 |   134 |   232 |   348 ||   873
       Touch             |    24 |    21 |    46 |    75 ||   166
       Punch             |       |     1 |     4 |     3 ||     8
       Whip              |       |       |       |     3 ||     3
 Fire: Shortbow          |       |       |       |    13 ||    13
Throw: Throwing net      |     3 |       |       |     2 ||     5
       Dart              |       |     4 |    22 |    21 ||    47
 Cast: Ignite Poison     |       |       |       |     6 ||     6
       Mephitic Cloud    |       |       |       |     8 ||     8
Invok: Bend Time         |       |       |       |     1 ||     1
Evoke: Wand              |       |       |     1 |     9 ||    10
       Box of beasts     |       |       |       |     1 ||     1
  Use: Scroll            |       |     6 |     5 |     5 ||    16
       Potion            |       |       |       |     5 ||     5
 Stab: Held in net/web   |     1 |       |       |     1 ||     2
       Sleeping          |       |     6 |     1 |       ||     7
       Distracted        |       |       |       |     4 ||     4
Armor: Leather armour    |    43 |    35 |       |       ||    78
       Ring mail         |       |    16 |    77 |       ||    93
       Steam dragon scal |       |       |     7 |   148 ||   155
Dodge: Dodged            |    81 |    59 |   129 |   182 ||   451

Table legend: (Time is in decaauts)
 A = Elapsed time spent in this place.
 B = Non-inter-level travel time spent in this place.
 C = Inter-level travel time spent in this place.
 D = Time resting spent in this place.
 E = Time spent auto-exploring this place.
 F = Levels seen in this place.
 G = Mean time per level.
                   A        B        C        D        E       F      G
               +--------+--------+--------+--------+--------+-----+--------+
         Total |  15543 |  14723 |    820 |   1333 |   9386 |  12 | 1295.2 |
       Dungeon |  15516 |  14696 |    820 |   1333 |   9386 |  11 | 1410.5 |
      Ice Cave |     26 |     26 |      0 |      0 |      0 |   1 |   26.0 |
               +--------+--------+--------+--------+--------+-----+--------+

Top non-repeatable levels by time:
    D:10: 2572 daAuts
     D:8: 2380 daAuts
     D:6: 1922 daAuts
     D:4: 1645 daAuts
     D:1: 1570 daAuts
     D:9: 1348 daAuts
     D:7: 1234 daAuts
     D:5: 1145 daAuts
     D:2: 875 daAuts
     D:3: 793 daAuts
    D:11: 27 daAuts
   IceCv: 26 daAuts
